 Dungeon Crawl Stone Soup version 0.20-a0-1117-g62da73f (webtiles) character file.

83 mopl the Skirmisher (level 4, -2/40 HPs)
             Began as a Gnoll Berserker on May 9, 2017.
             Was a Believer of Trog.
             Slain by a gnoll
             ... wielding a +0 spear
              (4 damage)
             ... on level 2 of the Dungeon.
             The game lasted 00:01:38 (1322 turns).

mopl the Skirmisher (Gnoll Berserker)               Turns: 1322, Time: 00:01:38

Health: -2/40      AC:  2    Str: 17    XL:     4   Next: 44%
Magic:  4/4        EV: 14    Int:  7    God:    Trog [**....]
Gold:   15         SH:  0    Dex: 13    Spells: 3/3 levels left

rFire    . . .     SeeInvis .   a - +0 mace
rCold    . . .     Gourm    .   (no shield)
rNeg     . . .     Faith    .   g - +0 animal skin
rPois    .         Spirit   .   (no helmet)
rElec    .         Reflect  .   (no cloak)
rCorr    .         Harm     .   (no gloves)
MR       ++...                  (no boots)
Stlth    +.........             h - amulet of magic regeneration
Regen    1.2/turn               (no ring)
MPRegen  0.2/turn               (no ring)

@: regenerating, slowed, very slow
A: short attention span, fangs 1, strong nose
a: Berserk, Trog's Hand, Burn Spellbooks, Renounce Religion


You were on level 2 of the Dungeon.
You worshipped Trog.
Trog was pleased with you.
You were near starving.

You visited 1 branch of the dungeon, and saw 2 of its levels.

You collected 15 gold pieces.

Inventory:

Hand Weapons
 a - a +0 mace (weapon)
 b - a +0 hunting sling
Missiles
 e - 25 stones (quivered)
Armour
 g - a +0 animal skin (worn)
Jewellery
 h - an amulet of magic regeneration (around neck)
Scrolls
 d - 3 scrolls of identify {unknown}
 i - a scroll of blinking {unknown}
 k - a scroll of fear {unknown}
 o - a scroll of amnesia {unknown}
Potions
 f - a potion of ambrosia {unknown}
 j - 2 potions of mutation {unknown}
 m - a potion of haste {unknown}
 p - 2 potions of heal wounds {unknown}
Comestibles
 c - a bread ration
 l - 2 fruits
 n - 2 meat rations


   Skills:
 + Level 5.8 Fighting
 - Level 4.8 Maces & Flails
 + Level 3.2 Throwing
 + Level 4.4 Armour
 + Level 4.4 Dodging


You had 3 spell levels left.
You didn't know any spells.

Dungeon Overview and Level Annotations

Branches:
Dungeon (2/15)

Altars:


Innate Abilities, Weirdness & Mutations

You have a short attention span.
You have very sharp teeth.
Your uncanny sense of smell can sniff out nearby items.


Message History

* * * LOW HITPOINT WARNING * * *
The gnoll misses you. The gnoll barely misses you.
You sock the gnoll!
You kill the gnoll!
Trog accepts your kill. The gnoll closely misses you.
The gnoll hits you from afar with a spear!
* * * LOW HITPOINT WARNING * * *
Unknown command.
Your skin crawls.
You feel resistant to hostile enchantments.
You are near starving!
You feel the effects of Trog's Hand fading.
The goblin misses you. The gnoll misses you. The goblin barely misses you.
You barely miss the goblin. You bite the goblin, but do no damage.
The gnoll hits you from afar with a spear!
* * * LOW HITPOINT WARNING * * *
The goblin barely misses you.
The gnoll hits you from afar with a spear.
You die...

.........#..†...# #.#
...........#......####.#
...........#.........###
...........#.........#
.....................#
.....(...............###
#....g.................
#.....$......#######.##
+....g@).....# #.#
#............# #.#
#......##....# #.#
##.######....# #.# #
#....# #[# ....... ..#
######


You could see a gnoll and a goblin.

Vanquished Creatures
  4 gnolls
  An adder (D:2)
  2 dart slugs
  2 leopard geckos (D:1)
  A giant cockroach (D:1)
  3 goblins (D:1)
  3 hobgoblins (D:1)
  6 kobolds (D:1)
  A quokka (D:2)
  2 bats
  3 frilled lizards
  3 rats
31 creatures vanquished.

Notes
Turn   | Place    | Note
-------+----------+-------------------------------------------
     0 | D:1      | mopl the Gnoll Berserker began the quest for the Orb.
     0 | D:1      | Reached XP level 1. HP: 20/20 MP: 1/1
   203 | D:1      | Reached skill level 5 in Fighting
   354 | D:1      | Reached skill level 1 in Throwing
   354 | D:1      | Reached XP level 2. HP: 26/27 MP: 2/2
   683 | D:1      | Reached skill level 2 in Throwing
   768 | D:1      | Reached XP level 3. HP: 33/33 MP: 3/3
   948 | D:1      | Reached skill level 4 in Armour
   979 | D:1      | Reached ** piety under Trog
   979 | D:1      | Reached skill level 4 in Dodging
  1313 | D:2      | Reached skill level 3 in Throwing
  1313 | D:2      | Reached XP level 4. HP: 33/40 MP: 4/4
  1322 | D:2      | HP: 2/40 [gnoll/spear (7)]
  1322 | D:2      | Slain by a gnoll

Vault maps used:
D:1:      dpeg_arrival_simpleton_c
D:2:      cheibrodos_helix_gallery, nemelex_diamond_rough_becter

Skill      XL: |  1  2  3 |
---------------+----------+-----
Fighting       | 5 |  5.8
Throwing       | 1 2 3 |  3.2
Armour         | 4 |  4.4
Dodging        | 4 |  4.4
Maces & Flails | |  4.8

Action                   |  1- 3 |  4- 6 || total
-------------------------+-------+-------++-------
Melee: Mace              |    97 |     6 ||   103
       Bite              |     7 |     2 ||     9
Invok: Berserk           |     1 |       ||     1
       Trog's Hand       |       |     1 ||     1
  Eat: Chunk             |     1 |       ||     1
Armor: Animal skin       |    11 |     1 ||    12
Dodge: Dodged            |    65 |    12 ||    77
